 Dungeon Crawl Stone Soup version 0.30.0-5-g1a98f26d00 (webtiles) character file.

Game seed: 2221714598355670347

1058 SnakkuSnakku7 the Skirmisher (level 8, -1/44 HPs)
             Began as a Deep Elf Transmuter on May 11, 2023.
             Slain by Blork the orc
             ... wielding a +6 heavy trident
              (16 damage)
             ... on level 4 of the Dungeon.
             The game lasted 00:08:19 (4136 turns).

SnakkuSnakku7 the Skirmisher (Deep Elf Transmuter)  Turns: 4136, Time: 00:08:19

Health: -1/44      AC: 10    Str:  7    XL:     8   Next: 6%
Magic:  14/14      EV: 10    Int: 19    God:
Gold:   300        SH:  0    Dex: 17    Spells: 12/13 levels left

rFire   . . .        a - +0 arbalest
rCold   + . .        (shield currently unavailable)
rNeg    . . .        n - +0 ring mail
rPois   .            (no helmet)
rElec   .            (no cloak)
rCorr   .            m - +1 pair of gloves
SInv    .            c - +2 pair of boots
Will    .....        v - amulet of regeneration
Stlth   +            u - ring of protection from cold
HPRegen 1.07/turn    (no ring)
MPRegen 0.14/turn

%: no passive effects
@: no status effects
A: no striking features
a: no special abilities


You were on level 4 of the Dungeon.
You visited 1 branch of the dungeon, and saw 5 of its levels.

You collected 300 gold pieces.

Inventory:

Hand Weapons
 a - a +0 arbalest (weapon)
 d - a +1 sling
Armour
 c - a +2 pair of boots (worn)
 j - a +0 robe
 m - a +1 pair of gloves (worn)
 n - a +0 ring mail (worn)
Jewellery
 u - a ring of protection from cold (left hand)
 v - an amulet of regeneration (around neck)
Wands
 w - a wand of flame (8)
Scrolls
 b - a scroll of enchant weapon
 g - a scroll of fog {unknown}
 h - 2 scrolls of blinking {unknown}
 i - 3 scrolls of identify {unknown}
 l - a scroll of teleportation
 o - a scroll of vulnerability
 s - a scroll of poison {unknown}
Potions
 e - 2 potions of curing
 f - a potion of flight {unknown}
 k - a potion of haste {unknown}
 p - 2 potions of degeneration
 q - a potion of invisibility
 r - a potion of might {unknown}
 t - 2 potions of cancellation {unknown}
 x - a potion of heal wounds {unknown}


   Skills:
 - Level 2.0 Fighting
 + Level 11.7 Ranged Weapons
 - Level 2.4 Dodging
 - Level 2.4 Unarmed Combat
 - Level 3.0 Spellcasting
 - Level 2.1 Transmutations


You had 12 spell levels left.
You knew the following spells:

 Your Spells              Type           Power      Damage    Failure   Level
a - Beastly Appendage     Tmut           22%        N/A       22%         1

Your spell library contained the following spells:

 Spells                   Type           Power      Damage    Failure   Level
 Wereblood                Tmut           11%        N/A       32%         2
 Spider Form              Tmut/Pois      7%         N/A       71%         3
 Ice Form                 Ice/Tmut       7%         N/A       98%         4


Dungeon Overview and Level Annotations

Branches:
Dungeon (5/15)
 Temple: D:4-7

Altars:
Cheibriados
Trog
Yredelemnul

Shops:
D:4 [

Annotations:
D:2 1 runed translucent door, Crazy Yiuf
D:4 1 transporter, Arex's ghost, amateur DrMo; Blork the orc


Message History

A scorpion is nearby!
You shoot a bolt. The bolt closely misses the scorpion.
You shoot a bolt. The bolt barely misses the scorpion.
You shoot a bolt. The bolt hits the scorpion!
The scorpion is heavily wounded.
You shoot a bolt. The bolt hits the scorpion.
The scorpion is severely wounded.
The scorpion stings you but does no damage.
You shoot a bolt. The bolt hits the scorpion!
You kill the scorpion!
No target in view!
No target in view!
You see here a scorpion corpse.
Blork the orc shouts!
Blork the orc is nearby!
You shoot a bolt. The bolt hits Blork the orc!!
Blork the orc is severely wounded.
Blork the orc screams, "I don't like you!"
No target in view!
No target in view!
You shoot a bolt. The bolt closely misses Blork the orc.
You shoot a bolt. The bolt closely misses Blork the orc.
Blork the orc casts a spell at you. The puff of flame hits you!
Blork the orc hits you from afar with a +6 heavy trident!
You are too injured to fight recklessly!
You are too injured to fight recklessly!
Fire: a) +0 arbalest
Press: ? - help, Q - select action, (/) - cycle Shift-Dir - straight line, f/p - Blork the orc
Aim: Blork the orc, wielding a +6 heavy trident and wearing a +0 robe (severely wounded, 65% to hit)
You shoot a bolt. The bolt barely misses Blork the orc.
Blork the orc hits you from afar with a +6 heavy trident.
* * * LOW HITPOINT WARNING * * *
Fire: a) +0 arbalest
Press: ? - help, Q - select action, (/) - cycle Shift-Dir - straight line, f/p - Blork the orc
Aim: Blork the orc, wielding a +6 heavy trident and wearing a +0 robe (severely wounded, 65% to hit)
You shoot a bolt. The bolt hits Blork the orc.
Blork the orc is almost dead.
Blork the orc hits you from afar with a +6 heavy trident!
You die...

≈..........##.<..#..###
≈....###.........####
≈.~...##...#.....###
≈~.....#..###......##
≈...........##......#
≈#......#...##.##..##
.......##...#..##.##
.......).......#...#
..#..........[o.@######
#.#..##.......#....≈..~~
.....##....#..#...≈≈~≈~~
..#......###....≈≈~....#
..#......##....####.....
................#####...
................#.# ...
#...........#.....# ..
.......##....#


You could see Blork the orc.

Vanquished Creatures
  2 black bears (D:5)
  2 ogres (D:5)
  A centaur (D:4)
  A phantom (D:5)
  4 scorpions
  Jessica (D:2)
  Ijyb (D:4)
  Natasha (D:2)
  3 iguanas
  6 adders
  3 gnolls (D:5)
  A white imp (D:5)
  2 ufetubi
  A worm (D:5)
  A dart slug (D:3)
  5 orcs
  4 ball pythons
  4 endoplasms
  2 giant cockroaches
  5 goblins
  5 hobgoblins
  2 jackals (D:3)
  7 kobolds
  A quokka (D:2)
  9 bats
  2 frilled lizards
  3 rats
79 creatures vanquished.

Notes
Turn   | Place    | Note
-------+----------+-------------------------------------------
     0 | D:1      | SnakkuSnakku7 the Deep Elf Transmuter began the quest for
                  | the Orb.
     0 | D:1      | Reached XP level 1. HP: 11/11 MP: 6/6
    55 | D:1      | Reached skill level 1 in Fighting
   339 | D:1      | Reached XP level 2. HP: 17/17 MP: 6/8
   786 | D:1      | Reached skill level 1 in Ranged Weapons
   905 | D:2      | Reached skill level 2 in Ranged Weapons
   905 | D:2      | Reached XP level 3. HP: 9/21 MP: 9/9
   986 | D:2      | Found a bloodstained altar of Trog.
  1104 | D:2      | Found a faded altar of an unknown god.
  1109 | D:2      | Noticed Natasha
  1118 | D:2      | Killed Natasha
  1119 | D:2      | Reached skill level 3 in Ranged Weapons
  1279 | D:2      | Reached skill level 4 in Ranged Weapons
  1279 | D:2      | Reached XP level 4. HP: 12/26 MP: 10/10
  1433 | D:2      | Noticed Jessica
  1447 | D:2      | Killed Jessica
  1482 | D:2      | Found a runed translucent door.
  1483 | D:2      | Noticed Crazy Yiuf
  1877 | D:3      | Reached skill level 5 in Ranged Weapons
  2530 | D:4      | Reached XP level 5. HP: 29/30 MP: 11/11
  2637 | D:4      | Noticed Ijyb
  2690 | D:4      | Noticed Blork the orc
  2721 | D:5      | Entered Level 5 of the Dungeon
  2808 | D:5      | Reached skill level 6 in Ranged Weapons
  2868 | D:5      | Noticed an ogre
  2913 | D:5      | Noticed a phantom
  2930 | D:5      | Noticed a black bear
  2931 | D:5      | Killed a phantom
  2932 | D:5      | Reached skill level 7 in Ranged Weapons
  2932 | D:5      | Reached XP level 6. HP: 18/35 MP: 12/12
  2998 | D:5      | Found a basalt altar of Yredelemnul.
  3134 | D:5      | Reached skill level 8 in Ranged Weapons
  3541 | D:5      | Reached skill level 9 in Ranged Weapons
  3541 | D:5      | Reached XP level 7. HP: 40/40 MP: 13/13
  3554 | D:4      | Found a snail-covered altar of Cheibriados.
  3630 | D:5      | Reached skill level 10 in Ranged Weapons
  3787 | D:4      | Found Atyuthib's Antique Armour Shoppe.
  3831 | D:3      | Reached skill level 11 in Ranged Weapons
  3989 | D:4      | Found a transporter.
  3991 | D:4      | Noticed Arex's ghost (amateur DrMo)
  4025 | D:4      | Killed Ijyb
  4031 | D:4      | Reached XP level 8. HP: 44/44 MP: 14/14
  4136 | D:4      | Slain by Blork the orc

Illustrated notes

Levels and vault maps discovered:
D:1:      heliophobic_arrival_glass_houses, layout_loops_ring,
          minmay_misc_feat_nine_boxes, minmay_cupped
D:2:      layout_rooms, chequers_ecumenical_altar_simple_redux, basic_altar,
          grunt_decor_junction, minivault_25, uniq_jessica, uniq_natasha,
          uniq_crazy_yiuf_cottage
D:3:      layout_basic, st_stairs_12, minmay_misc_feat_encased, minivault_24
D:4:      layout_cave_pools, nicolae_overflow_hidden_temple, serial_rivers,
          chequers_serial_rivers_micro_e, chequers_serial_rivers_micro_a,
          chequers_serial_rivers_small_a, chequers_serial_rivers_micro_b,
          chequers_serial_rivers_marsh, gammafunk_ghost_mausoleum, serial_shops,
          nicolae_shop_overgrown_old_shop, uniq_ijyb, uniq_blork_the_orc
D:5:      layout_gridville, nicolae_overflow_crystal_walls, hex_large

Skill      XL: |  1  2  3  4  5  6  7 |
---------------+----------------------+-----
Fighting       | 1 2 |  2.0
Ranged Weapons | 2 4 5 7 9 11 | 11.7
Dodging        | |  2.4
Unarmed Combat | |  2.4
Spellcasting   | |  3.0
Transmutations | |  2.1

Action                     |  1- 3 |  4- 6 |  7- 9 || total
---------------------------+-------+-------+-------++-------
  Melee: Unarmed           |    65 |       |       ||    65
         Kick              |     8 |       |       ||     8
         Headbutt          |     3 |       |       ||     3
         Punch             |     1 |       |       ||     1
   Fire: Sling             |    75 |   142 |       ||   217
         Arbalest          |       |    37 |    46 ||    83
   Cast: Beastly Appendage |     8 |       |       ||     8
    Use: Potion            |     2 |     4 |       ||     6
         Scroll            |       |    10 |       ||    10
 Armour: Robe              |    19 |       |       ||    19
         Skin              |    15 |       |       ||    15
         Ring mail         |    28 |    72 |    21 ||   121
  Dodge: Dodged            |    86 |   104 |    30 ||   220
